 Dungeon Crawl Stone Soup version 0.24.0-13-gcf9b319 (webtiles) character file.

Game seed: 1945621031491649232, levelgen mode: deterministic

175 Inchmeat the Cudgeler (level 5, 0/30 HPs)
             Began as a Gargoyle Gladiator on Jan 17, 2020.
             Slain by a white imp (3 damage)
             ... summoned by Natasha
             ... on level 3 of the Dungeon.
             The game lasted 00:04:34 (4005 turns).

Inchmeat the Cudgeler (Gargoyle Gladiator)          Turns: 4005, Time: 00:04:35

Health: 0/30       AC: 13    Str: 16 (18) XL:     5   Next: 55%
Magic:  5/5        EV:  6    Int:  6 (9)  God:
Gold:   158        SH:  5    Dex:  9 (11) Spells: 4/4 levels left

rFire    . . .     SeeInvis .   a - +0 flail
rCold    . . .     Gourm    .   k - +1 buckler
rNeg     + . .     Faith    .   h - +0 chain mail
rPois    ∞         Spirit   .   c - +0 helmet
rElec    +         Reflect  .   (no cloak)
rCorr    .         Harm     .   (no gloves)
MR       .....                  (no boots)
Stlth    ..........             q - amulet of inaccuracy (curse)
HPRegen  0.10/turn              (no ring)
MPRegen  0.09/turn              (no ring)

@: flying, hasted and slowed
A: negative energy resistance 1, electricity resistance, unbreathing,
petrification resistance, rot immunity, AC +4
a: no special abilities


You were on level 3 of the Dungeon.
You were very hungry.

You visited 1 branch of the dungeon, and saw 3 of its levels.

You collected 158 gold pieces.

Inventory:

Hand Weapons
 a - a +0 flail (weapon)
 m - a +0 morningstar
Missiles
 n - 78 stones (quivered)
Armour
 c - a +0 helmet (worn)
 h - a +0 chain mail (worn)
 k - a +1 buckler (worn)
 r - a +0 plate armour
Jewellery
 q - a cursed amulet of inaccuracy (around neck)
Scrolls
 b - 3 scrolls of amnesia
 e - 2 scrolls of enchant armour
 i - 2 scrolls of teleportation
Potions
 o - a potion of flight
 p - a potion of berserk rage {unknown}
 s - 3 potions of curing {unknown}
Comestibles
 f - 7 rations


   Skills:
 - Level 2.1 Fighting
 + Level 5.5 Maces & Flails
 - Level 1.7 Throwing
 - Level 2.4 Dodging
 + Level 2.2 Shields


You had 4 spell levels left.
You didn't know any spells.
Your spell library was empty.

Dungeon Overview and Level Annotations

Branches:
Dungeon (3/15)

Altars:

Annotations:
D:3 Natasha


Innate Abilities, Weirdness & Mutations

You are resistant to torment.
Your stone body is resilient. (AC +4)
You are immune to poison.
You resist negative energy. (rN+)
You are resistant to electric shocks. (rElec)
You can survive without breathing.
You are immune to petrification.
You are immune to rotting.


Message History

It was a potion o' degeneration.
Thar was somethin' very wrong wit tha liquid.
Ye feel weaken'd.
Ye feel dopey.
Ye feel clumsy.
Tha white imp hits ye but does nay damage.
Tha crimson imp barely misses ye.
Tha crimson imp picks up a beetle an' eats it.
Natasha casts a spell at ye.
Ye feel yerself slow down.
It was a potion o' magic.
Magic courses through yer body.
Tha white imp hits ye but does nay damage.
Tha crimson imp hits ye but does nay damage.
Natasha closely misses ye.
Tha white imp hits ye but does nay damage.
Tha crimson imp blinks!
It was a potion o' haste.
Ye feel yerself speed up.
Natasha casts a spell at ye.
Ye resist wit' some effort.
Tha white imp hits ye.
* * * LOW HITPOINT WARNIN'
* * * Tha white imp freezes ye.
Ye die...

....#............#
..###............#
..# ######'#####.
..# #.# .... #.#
##.## #†# .. #.#
#.########
#..5..5@§#
########h# 5# .#
.# .# ##


You could see Natasha, 2 crimson imps and a white imp.

Vanquished Creatures
  Jessica (D:2)
  5 adders
  3 oozes
  A worm (D:3)
  4 dart slugs (D:1)
  An orc (D:3)
  4 bats
  3 giant cockroaches
  7 goblins
  11 hobgoblins
  7 jackals
  14 kobolds
  2 ball pythons
  4 frilled lizards
  9 rats
76 creatures vanquished.

Vanquished Creatures (others)
  A plant (D:2)
1 creature vanquished.

Grand Total: 77 creatures vanquished

Notes
Turn   | Place    | Note
-------+----------+-------------------------------------------
     0 | D:1      | Inchmeat the Gargoyle Gladiator began the quest for the
                  | Orb.
     0 | D:1      | Reached XP level 1. HP: 12/12 MP: 1/1
    81 | D:1      | Reached XP level 2. HP: 14/17 MP: 2/2
   415 | D:1      | Reached skill level 4 in Maces & Flails
   712 | D:1      | Reached XP level 3. HP: 21/21 MP: 3/3
  1405 | D:2      | Noticed Jessica
  1428 | D:2      | Killed Jessica
  1428 | D:2      | Reached skill level 5 in Maces & Flails
  1428 | D:2      | Reached XP level 4. HP: 14/26 MP: 4/4
  1935 | D:2      | Reached skill level 1 in Shields
  2010 | D:2      | Reached XP level 5. HP: 26/30 MP: 5/5
  3081 | D:3      | Found a faded altar of an unknown god.
  3970 | D:3      | Noticed Natasha
  4005 | D:3      | Slain by a white imp

Levels and vault maps discovered:
D:1:      wander_arrival_peaceful_grave, layout_loops_ring, glass_columns_c,
          minmay_pentomino_o2
D:2:      minmay_general_purpose_star, layout_rooms, first_ration,
          lexackson_kobold_supper, uniq_jessica
D:3:      layout_basic, chequers_ecumenical_altar_island, hex_large,
          uniq_natasha

Skill      XL: |  1  2  3  4  5 |
---------------+----------------+-----
Maces & Flails | 4 5 |  5.5
Shields        | 1 2 |  2.2
Fighting       | |  2.1
Throwing       | |  1.7
Dodging        | |  2.4

Action                   |  1- 3 |  4- 6 || total
-------------------------+-------+-------++-------
Melee: Flail             |    96 |   292 ||   388
Throw: Throwing net      |     2 |     2 ||     4
  Use: Scroll            |       |     5 ||     5
       Potion            |       |     4 ||     4
  Eat: Chunk             |     1 |     5 ||     6
       Ration            |       |     1 ||     1
Armor: Leather armour    |    38 |    57 ||    95
       Chain mail        |       |   125 ||   125
Dodge: Dodged            |    54 |   153 ||   207
Block: Buckler           |       |    90 ||    90
